 Dungeon Crawl Stone Soup version 0.31-a0-232-gb1c03b2570 (webtiles) character file.

Game seed: 8590837204698674063

286 qw the Shooter (level 6, -6/37 HPs)
             Began as a Gargoyle Hexslinger on July 7, 2023.
             Was an Initiate of Okawaru.
             Mangled by Edmund
             ... wielding a +2 dire flail of protection
              (7 damage)
             ... on level 4 of the Dungeon.
             The game lasted 00:01:19 (3106 turns).

qw the Shooter (Gargoyle Hexslinger)                Turns: 3106, Time: 00:01:20

Health: -6/37      AC: 10    Str: 11 (12) XL:     6   Next: 30%
Magic:  7/7        EV: 11    Int: 13      God:    Okawaru [......]
Gold:   195        SH:  0    Dex: 14      Spells: 6/7 levels left

rFire   . . .        Y - +1 sling
rCold   . . .        (no shield)
rNeg    + . .        d - +0 leather armour
rPois   inf          j - +2 helmet
rElec   +            (no cloak)
rCorr   .            (no gloves)
SInv    .            (no boots)
Will    .....        f - amulet of the acrobat
Stlth   +            (no ring)
HPRegen 0.26/turn    (no ring)
MPRegen 0.10/turn

%: acrobat
@: no status effects
A: sickness immunity, AC +4, negative energy resistance 1, electricity
resistance, torment resistance 1, petrification resistance
a: Renounce Religion


You were on level 4 of the Dungeon.
You worshipped Okawaru.
Okawaru was noncommittal.
You visited 2 branches of the dungeon, and saw 5 of its levels.

You collected 195 gold pieces.


Innate Abilities, Weirdness & Mutations

You are immune to sickness and miasma.
Your stone body is resilient. (AC +4)
You are immune to poison.
You resist negative energy. (rN+)
You are resistant to electric shocks. (rElec)
You are resistant to unholy torment.
You are immune to petrification.


   Skills:
 - Level 3.0 Fighting
 + Level 5.8 Ranged Weapons
 - Level 1.5 Dodging
 - Level 1.0 Spellcasting
 - Level 2.6 Hexes


You had 6 spell levels left.
You knew the following spells:

 Your Spells              Type           Power      Damage    Failure   Level
a - Slow                  Hex            28%        N/A       12%         1

Your spell library contained the following spells:

 Spells                   Type           Power      Damage    Failure   Level
 Inner Flame              Hex/Fire       4%         N/A       54%         3
 Portal Projectile        Hex/Tloc       8%         N/A       54%         3
 Cause Fear               Hex            3%         N/A       77%         4

Inventory:

Hand Weapons
 Y - a +1 sling (weapon)
Armour
 b - a +1 pair of boots of stealth
 d - a +0 leather armour (worn)
 h - a +0 ring mail
 j - a +2 helmet (worn)
Jewellery
 f - an amulet of the acrobat (around neck)
Scrolls
 a - 3 scrolls of identify
 c - 2 scrolls of enchant armour
Potions
 e - a potion of enlightenment
 g - 2 potions of mutation
 i - a potion of curing

Dungeon Overview and Level Annotations

Branches:
Dungeon (4/15)             Temple (1/1) D:4

Altars:
Cheibriados
Gozag
Makhleb
Nemelex Xobeh
Okawaru
Qazlal
Ru
Sif Muna
Trog
Uskayaw
Wu Jian
Xom
Yredelemnul
The Shining One

Shops:
D:1 (

Annotations:
D:4 Edmund


Message History

The hound barely misses you.
The ball python bites you but does no damage.
The ball python grabs you. The ball python constricts you.
Edmund hits you with a +2 dire flail of protection!
3101 ||| DRINKING potion of heal wounds.
You feel much better. The hound bites you but does no damage.
The ball python barely misses you. The ball python constricts you.
The hound bites you but does no damage. Edmund barely misses you.
You shoot a sling bullet.
The sling bullet closely misses the ball python.
The sling bullet closely misses the goblin.
The ball python barely misses you. The ball python constricts you.
The hound bites you.
Edmund hits you with a +2 dire flail of protection.
The ball python bites you but does no damage.
The ball python constricts you. The hound bites you.
You shoot a sling bullet.
The sling bullet closely misses the ball python.
The sling bullet hits the goblin!
You kill the goblin!
Okawaru accepts your kill. The hound bites you but does no damage.
The ball python barely misses you. The ball python constricts you.
Edmund hits you with a +2 dire flail of protection.
You shoot a sling bullet. The sling bullet hits the ball python.
You kill the ball python!
The hound barely misses you. Edmund closely misses you.
The hound closely misses you.
You shoot a sling bullet. The sling bullet closely misses Edmund.
The hound barely misses you. Edmund hits you but does no damage.
The hound completely misses you.
You shoot a sling bullet.
The sling bullet hits Edmund but does no damage.
Edmund is lightly wounded.
The hound bites you but does no damage.
Edmund hits you with a +2 dire flail of protection!
The hound bites you but does no damage.
Edmund hits you with a +2 dire flail of protection!
You die...

# #.......### ##
##........#######
.#
#...###........##
.## #..##
#.........## ..#
#..# ##.........#
.## #.##
#.......... .#
#.# #..........
.# #.#
##......... ##
#@# #......... #
#@.h..#
#......... #
...)....#
##........ #
....#......#
#........ #####..
....###......#
##....... .......
..## ........#
##...... #######
. ........#
#.....# .........
##....# ##.###


You could see Edmund and a hound.

Vanquished Creatures
  A hound (D:4)
  A jelly (D:4)
  An iguana (D:4)
  An orc wizard (D:4)
  8 adders
  An ufetubus (D:4)
  2 worms (D:3)
  3 dart slugs
  9 orcs
  6 endoplasms
  6 giant cockroaches
  11 goblins
  4 hobgoblins
  2 jackals (D:2)
  2 quokkas (D:1)
  3 ball pythons
  3 bats
  A frilled lizard (D:2)
  8 kobolds
  7 rats
80 creatures vanquished.

Notes
Turn   | Place    | Note
-------+----------+-------------------------------------------
     0 | D:1      | qw the Gargoyle Hexslinger began the quest for the Orb.
     0 | D:1      | Reached XP level 1. HP: 12/12 MP: 2/2
     0 | D:1      | 0 ||| qw: Version: 0.3-a-46-gb1f654a
     0 | D:1      | 0 ||| qw: Game counter: 2908
     0 | D:1      | 0 ||| qw: Melee chars always use a shield: true
     0 | D:1      | 0 ||| qw: God list: Okawaru
     0 | D:1      | 0 ||| qw: Allow faded altars: false
     0 | D:1      | 0 ||| qw: Do Orc after clearing Dungeon:15 true
     0 | D:1      | 0 ||| qw: Do second Lair branch before Depths: true
     0 | D:1      | 0 ||| qw: Lair rune preference: random
     0 | D:1      | 0 ||| qw: Goals: Normal
     0 | D:1      | 0 ||| PLANNING D:1-11
   179 | D:1      | 179 ||| Stepping ~*~*~tactically~*~*~ (water).
   185 | D:1      | Reached XP level 2. HP: 14/16 MP: 3/3
   321 | D:1      | Reached skill level 3 in Ranged Weapons
   476 | D:1      | Found Umeddij's Weapon Shoppe.
   832 | D:1      | 832 ||| UPGRADING to +0 leather armour.
   842 | D:1      | 842 ||| DROPPING +0 robe.
   843 | D:1      | 843 ||| READING scroll labelled EBOEGE NINI.
   844 | D:1      | 844 ||| READING scroll labelled ROVEINN GUOTZ.
   845 | D:1      | 845 ||| DROPPING scroll of poison.
   882 | D:2      | Reached XP level 3. HP: 21/21 MP: 4/4
  1291 | D:2      | 1291 ||| UPGRADING to +0 helmet.
  1296 | D:2      | 1296 ||| UPGRADING to +2 helmet.
  1306 | D:2      | 1306 ||| DROPPING +0 helmet.
  1307 | D:2      | 1307 ||| UPGRADING to amulet of the acrobat.
  1312 | D:2      | 1312 ||| READING 4 scrolls labelled ESAGOENLILL.
  1313 | D:2      | 1313 ||| READING scroll labelled HUPIJA MOHAFRE.
  1314 | D:2      | 1314 ||| READING scroll labelled JUSILAOCKIPH.
  1315 | D:2      | 1315 ||| DRINKING 2 viscous red potions.
  1316 | D:2      | 1316 ||| READING 3 scrolls of identify.
  1316 | D:2      | 1316 ||| IDENTIFYING bubbling white potion
  1317 | D:2      | 1317 ||| READING 2 scrolls of identify.
  1317 | D:2      | 1317 ||| IDENTIFYING smoky puce potion
  1347 | D:3      | Reached XP level 4. HP: 26/26 MP: 5/5
  1397 | D:3      | Reached skill level 4 in Ranged Weapons
  1884 | D:3      | Reached XP level 5. HP: 29/30 MP: 6/6
  1941 | D:3      | 1941 ||| READING 3 scrolls labelled ISTRIM EDDIXIALE.
  1942 | D:3      | 1942 ||| READING 2 scrolls labelled FUTHAC ZEOV.
  1943 | D:3      | 1943 ||| DRINKING 2 puce potions.
  1944 | D:3      | 1944 ||| READING 4 scrolls of identify.
  1944 | D:3      | 1944 ||| IDENTIFYING fizzy cyan potion
  1945 | D:3      | 1945 ||| READING 3 scrolls of identify.
  1945 | D:3      | 1945 ||| IDENTIFYING metallic sapphire potion
  1946 | D:3      | 1946 ||| READING 2 scrolls of identify.
  1946 | D:3      | 1946 ||| IDENTIFYING green potion
  1947 | D:3      | 1947 ||| DROPPING potion of brilliance.
  1948 | D:3      | 1948 ||| DROPPING potion of lignification.
  1949 | D:3      | 1949 ||| DROPPING potion of degeneration.
  1950 | D:3      | 1950 ||| DROPPING scroll of blinking.
  2062 | D:4      | Reached skill level 5 in Ranged Weapons
  2140 | D:4      | Reached skill level 3 in Fighting
  2453 | D:4      | Reached XP level 6. HP: 34/37 MP: 7/7
  2524 | D:4      | Found a staircase to the Ecumenical Temple.
  2525 | D:4      | 2525 ||| PLANNING TEMPLE
  2540 | D:4      | 2540 ||| READING scroll labelled YTROME DAMIS.
  2544 | D:4      | 2544 ||| READING scroll labelled VOSIYD VUTYUSH.
  2576 | Temple   | Entered the Ecumenical Temple
  2624 | Temple   | 2624 ||| PLANNING OKAWARU WORSHIP
  2762 | Temple   | Became a worshipper of Warmaster Okawaru
  2763 | Temple   | 2763 ||| PLANNING D:1-11
  3092 | D:4      | Noticed Edmund
  3100 | D:4      | HP: 7/37 [Edmund/+2 dire flail of protection (10)]
  3101 | D:4      | 3101 ||| DRINKING potion of heal wounds.
  3106 | D:4      | HP: 1/37 [Edmund/+2 dire flail of protection (10)]
  3106 | D:4      | Mangled by Edmund

Levels and vault maps discovered:
D:1:      dpeg_arrival_pond, layout_basic, serial_shops, shop, serial_rivers,
          chequers_serial_rivers_small_3, chequers_serial_rivers_micro_d,
          chequers_serial_rivers_large_b, chequers_serial_rivers_small_a
D:2:      layout_rooms, minmay_tall_x
D:3:      layout_loops_ring
D:4:      layout_cave_pods, minmay_temple_entry_enclosed_plants, uniq_edmund
Temple:   nicolae_temple_bog_church

Skill      XL: |  1  2  3  4  5 |
---------------+----------------+-----
Ranged Weapons | 3 4 5 |  5.8
Fighting       | 2 3 |  3.0
Dodging        | |  1.5
Spellcasting   | |  1.0
Hexes          | |  2.6

Action                     |  1- 3 |  4- 6 || total
---------------------------+-------+-------++-------
   Fire: Sling             |    92 |   218 ||   310
    Use: Scroll            |     7 |     7 ||    14
         Potion            |     1 |     2 ||     3
 Armour: Robe              |     5 |       ||     5
         Leather armour    |    11 |    97 ||   108
  Dodge: Dodged            |    18 |    94 ||   112

Table legend:
 A = Non-vault XP
 B = Vault XP
 C = Vault XP percentage of total XP
 D = Non-vault monster count
 E = Vault monster count
 F = Vault count percentage of total count
                 A         B        C        D         E       F
            +---------+---------+-------+---------+---------+-------
      Total |     400 |       9 |   2.2 |      76 |       4 |   5.0
            +---------+---------+-------+---------+---------+-------
        D:1 |      25 |       0 |   0.0 |      15 |       0 |   0.0
        D:2 |      43 |       9 |  17.3 |      16 |       4 |  20.0
        D:3 |      90 |       0 |   0.0 |      20 |       0 |   0.0
        D:4 |     242 |       0 |   0.0 |      25 |       0 |   0.0
            +---------+---------+-------+---------+---------+-------
